 Dungeon Crawl Stone Soup version 0.30-a0-1104-g706747fef1 (webtiles) character file.

Game seed: 12736474305300625083

2592 Ijustatesigmund the Grasshopper (level 9, 0/48 HPs)
             Began as a Deep Elf Conjurer on Apr 19, 2023.
             Was an Elder of Cheibriados.
             Succumbed to a kobold brigand's poison
             ... on level 7 of the Dungeon.
             The game lasted 00:19:21 (8667 turns).

Ijustatesigmund the Grasshopper (Deep Elf Conjurer) Turns: 8667, Time: 00:19:21

Health: 0/48       AC: 10    Str: 19    XL:     9   Next: 33%
Magic:  5/22       EV: 20    Int: 37    God:    Cheibriados [****..]
Gold:   430        SH:  0    Dex: 27    Spells: 16/23 levels left

rFire   . . .      SeeInvis .    c - +1 shortbow (freeze)
rCold   . . .      Faith    .    (shield currently unavailable)
rNeg    . . .      Spirit   .    a - +0 steam dragon scales
rPois   +          Reflect  .    (no helmet)
rElec   .          Rampage  .    z - +2 cloak
rCorr   .                        p - +1 pair of gloves
Will    .....                    (no boots)
Stlth   +++                      (no amulet)
HPRegen 0.28/turn                o - +5 ring of evasion
MPRegen 0.18/turn                B - +6 ring of strength

@: lethally poisoned (0 -> -2), very slightly contaminated, slowed, very slow
A: talons 1, agile 1, poison resistance
a: Renounce Religion, Bend Time, Temporal Distortion, Slouch


You were on level 7 of the Dungeon.
You worshipped Cheibriados.
Cheibriados was greatly pleased with you.
You visited 1 branch of the dungeon, and saw 8 of its levels.

You collected 534 gold pieces.
You spent 104 gold pieces at shops.

Inventory:

Hand Weapons
 c - a +1 shortbow of freezing (weapon)
 d - a +0 sling of draining
 f - a +2 short sword of electrocution
Missiles
 s - 2 throwing nets
Armour
 a - +0 steam dragon scales (worn)
 p - a +1 pair of gloves (worn)
 z - a +2 cloak (worn)
Magical Staves
 i - a staff of fire
Jewellery
 o - a +5 ring of evasion (left hand)
 y - a ring of flight
 B - a +6 ring of strength (right hand)
Wands
 e - a wand of polymorph (9)
 C - a wand of acid (7)
Scrolls
 n - 3 scrolls of fog
 t - 3 scrolls of teleportation
 u - a scroll of torment {unknown}
 v - 2 scrolls of amnesia
 w - a scroll of poison
 A - a scroll of acquirement {unknown}
Potions
 b - a potion of magic
 g - a potion of berserk rage
 h - 2 potions of ambrosia
 j - 3 potions of cancellation
 k - 5 potions of brilliance
 l - 4 potions of attraction
 m - a potion of invisibility
 q - 4 potions of might {unknown}
 r - 2 potions of lignification {unknown}
 x - a potion of flight {unknown}


   Skills:
 + Level 2.0 Fighting
 + Level 4.7 Ranged Weapons
 + Level 4.2 Dodging
 - Level 2.4 Stealth
 - Level 7.5 Spellcasting
 - Level 7.2 Conjurations
 - Level 7.8 Translocations
 + Level 4.9 Invocations


You had 16 spell levels left.
You knew the following spells:

 Your Spells              Type           Power      Damage    Failure   Level
a - Magic Dart            Conj           100%       1d8       1%          1
b - Searing Ray           Conj           100%       2d8       1%          2
c - Iskenderun's Mystic   Conj/Tloc      63%        2d13      1%          4

Your spell library contained the following spells:

 Spells                   Type           Power      Damage    Failure   Level
 Dazzling Flash           Conj/Hex       80%        N/A       1%          3
 Slow                     Hex            52%        N/A       2%          1
 Mephitic Cloud           Conj/Pois/Air  31%        N/A       3%          3
 Call Imp                 Summ           26%        N/A       4%          2
 Fulminant Prism          Conj/Hex       20%        3d12      6%          4
 Confusing Touch          Hex            13%        N/A       9%          3
 Vampiric Draining        Necr           13%        2d6       9%          3


Dungeon Overview and Level Annotations

Branches:
Dungeon (8/15)             Temple (0/1) D:5
   Lair: D:8-11

Altars:
Cheibriados
Kikubaaqudgha
Qazlal
Ru
Wu Jian
Xom

Shops:
D:2 !(!!:   D:4 !(   D:8 [

Annotations:
D:4 2 transporters
D:5 3 runed translucent doors, Azuvok's ghost, novice MiFi; Gandelf's ghost, novice SpCj; KristoblXynda's ghost, novice DrGl; Thjof's ghost, amateur GrFE; temitten's ghost, amateur GrMo
D:8 Erica


Innate Abilities, Weirdness & Mutations

You have sharp toenails.
You are agile. (Dex +4, Str/Int -1)
Your system is resistant to poisons. (rPois)


Message History

The mystic blast hits the steam dragon.
The steam dragon is lightly wounded.
The steam dragon is knocked back by the mystic blast.
You feel sick.
You feel sick. The steam dragon breathes steam at you.
The ball of steam hits you. You resist.
The kobold brigand hits you but does no damage.
Casting: Iskenderun's Mystic Blast (dangerous; 1% risk of failure)
Confirm with . or Enter, or press ? or * to list all spells.
You erupt in a blast of force!
The mystic blast hits the kobold brigand!
You kill the kobold brigand!
Cheibriados appreciates the change of pace.
The mystic blast hits the steam dragon!
The steam dragon is heavily wounded.
The steam dragon is knocked back by the mystic blast.
You feel sick. Erica casts a spell at you. You resist with some effort.
Erica gestures at you while chanting. The lance of force hits you!
You are knocked back by the lance of force.
You slam into the rock wall!
* * * LOW HITPOINT WARNING * * *
Your Fighting skill increases to level 2!
You feel sick. Erica gestures at you while chanting.
You resist with some effort.
You feel sick. The steam dragon breathes steam at you.
The ball of steam hits you. You resist.
* * * LOW HITPOINT WARNING * * *
Erica mumbles some strange words.
Erica flickers and vanishes!
Deactivating autopickup; reactivate with Ctrl-A.
You feel as though you will be slow longer.
You climb upwards.
Reactivating autopickup.
You die...

##...##.......##
#..#######....#
##..# ##...##
##..## ##...# #...#
##..... #...#
##...... #..##
##....... #..##
####.<......
##@..###...###.....
#...#....### ##....
##.###...## ##...
##.## ##..# ##..#
##.## ##.## #..##
#####.## ##.## #.##
##.##.## ##.## ##.#
#....## ##.###..#
###.## ##.....###


There were no monsters in sight!

Vanquished Creatures
  Eustachio (D:5)
  A steam dragon (D:7)
  An acid dragon (D:8)
  A water moccasin (D:7)
  2 ice beasts
  An orc warrior (D:6)
  2 ogres
  A centaur (D:5)
  A kobold brigand (D:8)
  A phantom (D:4)
  A bullfrog (D:7)
  4 scorpions
  2 howler monkeys (D:7)
  4 orc priests
  3 gnoll boudas
  4 hounds
  Terence (D:3)
  5 iguanas
  9 orc wizards
  Robin (D:3)
  15 gnolls
  3 adders
  A shadow imp (D:6)
  A white imp (D:7)
  3 ufetubi
  40 orcs
  6 ball pythons
  2 endoplasms
  4 giant cockroaches
  16 goblins
  9 hobgoblins
  8 jackals
  12 kobolds
  7 quokkas
  4 bats
  A frilled lizard (D:2)
  2 rats
180 creatures vanquished.

Vanquished Creatures (others)
  17 plants (D:1)
17 creatures vanquished.

Grand Total: 197 creatures vanquished

Notes
Turn   | Place    | Note
-------+----------+-------------------------------------------
     0 | D:1      | Ijustatesigmund the Deep Elf Conjurer began the quest for
                  | the Orb.
     0 | D:1      | Reached XP level 1. HP: 10/10 MP: 6/6
   222 | D:1      | Reached XP level 2. HP: 15/15 MP: 5/8
   690 | D:1      | Found a faded altar of an unknown god.
  1014 | D:2      | Learned a level 2 spell: Searing Ray
  1038 | D:2      | Reached XP level 3. HP: 18/19 MP: 4/10
  1100 | D:2      | Found Soreeced's Distillery.
  1107 | D:2      | Bought a potion of heal wounds for 50 gold pieces
  1107 | D:2      | Bought a potion of degeneration for 10 gold pieces
  1266 | D:2      | Found Biyruk's Weapon Shoppe.
  1284 | D:2      | Reached skill level 1 in Ranged Weapons
  1284 | D:2      | Reached skill level 5 in Conjurations
  1364 | D:2      | Found an ancient bone altar of Kikubaaqudgha.
  1449 | D:2      | Found Atemenuo's Distillery.
  1465 | D:2      | Bought a potion of brilliance for 44 gold pieces
  1490 | D:2      | Found Laiseyna's Book Emporium.
  1649 | D:2      | Found Alalod's Distillery.
  1793 | D:3      | Reached XP level 4. HP: 19/24 MP: 1/12
  2129 | D:3      | Noticed Terence
  2144 | D:3      | Killed Terence
  2145 | D:3      | Reached skill level 5 in Spellcasting
  2145 | D:3      | Reached XP level 5. HP: 21/28 MP: 1/14
  2298 | D:3      | Found a snail-covered altar of Cheibriados.
  2305 | D:3      | Became a worshipper of Cheibriados the Contemplative
  2371 | D:3      | Noticed Robin
  2381 | D:3      | HP: 1/28 [goblin/+2 dagger of venom[Robin] (6)]
  2389 | D:3      | Killed Robin
  2548 | D:3      | Identified the +2 dagger of the Sage {speed, SInv}
  3317 | D:4      | Reached skill level 1 in Invocations
  3318 | D:4      | Noticed an ogre
  3319 | D:4      | Reached * piety under Cheibriados
  3322 | D:4      | Killed an ogre
  3323 | D:4      | Reached XP level 6. HP: 32/32 MP: 8/16
  3561 | D:4      | Found Hylu's Weapon Shoppe.
  3701 | D:4      | Found a transporter.
  3701 | D:4      | Found Itoack's Distillery.
  3721 | D:4      | Found a transporter.
  3797 | D:4      | Reached ** piety under Cheibriados
  3825 | D:4      | Found a large runed translucent door.
  3892 | D:4      | Found a large runed translucent door.
  4076 | D:4      | Learned a level 4 spell: Iskenderun's Mystic Blast
  4369 | D:4      | Found a sacrificial altar of Ru.
  4372 | D:4      | Found an ornate altar of the Wu Jian Council.
  4403 | D:5      | Entered Level 5 of the Dungeon
  4473 | D:5      | Reached XP level 7. HP: 36/36 MP: 13/18
  4775 | D:5      | Reached skill level 5 in Translocations
  4900 | D:5      | Noticed Eustachio
  4914 | D:5      | Killed Eustachio
  4914 | D:5      | Reached *** piety under Cheibriados
  5016 | D:5      | Reached XP level 8. HP: 16/41 MP: 6/19
  5195 | D:5      | Found a staircase to the Ecumenical Temple.
  5577 | D:5      | Found a shimmering altar of Xom.
  5577 | D:5      | Found a stormy altar of Qazlal.
  5585 | D:5      | Gained mutation: You are vulnerable to heat. (rF-) [potion
                  | of mutation]
  5585 | D:5      | Gained mutation: You occasionally lose the ability to drink
                  | potions when taking damage. [potion of mutation]
  5585 | D:5      | Gained mutation: You are dopey. (Int -2) [potion of
                  | mutation]
  5586 | D:5      | Lost mutation: You are vulnerable to heat. (rF-) [potion of
                  | mutation]
  5586 | D:5      | Lost mutation: You are dopey. (Int -2) [potion of mutation]
  5586 | D:5      | Lost mutation: You occasionally lose the ability to drink
                  | potions when taking damage. [potion of mutation]
  5586 | D:5      | Gained mutation: Your system is resistant to poisons.
                  | (rPois) [potion of mutation]
  5586 | D:5      | Gained mutation: You have sharp toenails. [potion of
                  | mutation]
  5586 | D:5      | Gained mutation: You are agile. (Dex +4, Str/Int -1)
                  | [potion of mutation]
  5663 | D:5      | Found a runed translucent gate.
  5663 | D:5      | Found a runed translucent gate.
  5663 | D:5      | Found a runed translucent gate.
  5665 | D:5      | Noticed temitten's ghost (amateur GrMo)
  5665 | D:5      | Noticed Gandelf's ghost (novice SpCj)
  5667 | D:5      | Noticed KristoblXynda's ghost (novice DrGl)
  5667 | D:5      | Noticed Azuvok's ghost (novice MiFi)
  5668 | D:5      | Noticed Thjof's ghost (amateur GrFE)
  6186 | D:6      | Found a runed translucent door.
  6743 | D:6      | Reached **** piety under Cheibriados
  7613 | D:7      | Reached skill level 1 in Fighting
  7613 | D:7      | Reached XP level 9. HP: 28/47 MP: 9/22
  8655 | D:8      | Noticed Erica
  8655 | D:8      | Found Ankarum's Antique Armour Shop.
  8666 | D:8      | HP: 1/48 [steam dragon/ball of steam (5)]
  8667 | D:7      | Succumbed to a kobold brigand's poison

Illustrated notes

Levels and vault maps discovered:
D:1:      roderic_crop_circles_arrival_small, layout_rooms,
          chequers_ecumenical_altar_lobes
D:2:      layout_loops_cross, basic_altar, serial_shops, shop, shop,
          nicolae_shop_rolling_square, nicolae_diamond_shop, shop_coins
D:3:      cheibrodos_pilgrimage, layout_basic, nicolae_overflow_crystal_walls,
          minmay_misc_feat_iff, serial_bayou_pond_e, feat_on_display,
          uniq_robin, uniq_terence
D:4:      layout_loops_ring, jmf_multi_god_temple2, serial_glass,
          glass_columns_a, glass_columns_b, serial_shops, shop,
          nicolae_shop_drivethru, minmay_diced_spiral
D:5:      minmay_recursive_quarters, layout_basic, grunt_temple_overflow_open,
          temple_statues, gammafunk_ghost_cemetery, uniq_eustachio,
          uniq_crazy_yiuf_cottage
D:6:      layout_gridville, minmay_misc_feat_tower, lightli_church_of_beogh
D:7:      layout_layer_cave, dk_noncrumbling_2, chequers_garden
D:8:      layout_loops_ring, serial_shops, nicolae_shop_window_shopping,
          minmay_ruined_shrine, uniq_erica

Skill      XL: |  1  2  3  4  5  6  7  8  9 |
---------------+----------------------------+-----
Spellcasting   | 4 5 6 7 |  7.5
Ranged Weapons | 2 3 4 |  4.7
Conjurations   | 5 6 7 |  7.2
Invocations    | 1 2 4 |  4.9
Translocations | 2 6 7 |  7.8
Fighting       | 1 2 |  2.0
Dodging        | 3 4 |  4.2
Stealth        | |  2.4

Action                     |  1- 3 |  4- 6 |  7- 9 || total
---------------------------+-------+-------+-------++-------
  Melee: Unarmed           |     3 |       |       ||     3
         Sling             |       |       |     1 ||     1
   Fire: Sling             |    21 |   101 |    43 ||   165
         Shortbow          |       |       |   113 ||   113
   Cast: Magic Dart        |    46 |     4 |       ||    50
         Searing Ray       |     5 |    22 |     1 ||    28
         Iskenderun's Myst |       |       |    53 ||    53
    Use: Scroll            |     8 |     4 |     9 ||    21
         Potion            |     1 |     5 |     4 ||    10
 Armour: Robe              |    16 |     8 |    20 ||    44
         Steam dragon scal |       |       |     2 ||     2
  Dodge: Dodged            |    22 |    25 |    59 ||   106

Table legend: (Time is in decaauts)
 A = Elapsed time spent in this place.
 B = Non-inter-level travel time spent in this place.
 C = Inter-level travel time spent in this place.
 D = Time resting spent in this place.
 E = Time spent auto-exploring this place.
 F = Levels seen in this place.
 G = Mean time per level.
                   A        B        C        D        E       F      G
               +--------+--------+--------+--------+--------+-----+--------+
         Total |  10996 |  10555 |    441 |   1525 |   7883 |   8 | 1374.5 |
       Dungeon |  10996 |  10555 |    441 |   1525 |   7883 |   8 | 1374.5 |
               +--------+--------+--------+--------+--------+-----+--------+

Top non-repeatable levels by time:
     D:7: 2449 daAuts
     D:5: 2137 daAuts
     D:3: 1820 daAuts
     D:6: 1430 daAuts
     D:4: 1420 daAuts
     D:1: 886 daAuts
     D:2: 837 daAuts
     D:8: 15 daAuts
